 Dungeon Crawl Stone Soup version 0.29.0-5-ge4962eb29e (webtiles) character file.

Game seed: 1933448731020447487

97 xian the Chopper (level 4, -1/45 HPs)
             Began as an Ogre Gladiator on Aug 28, 2022.
             Killed by divine providence
             ... invoked by an orc priest
              (8 damage)
             ... on level 3 of the Dungeon.
             The game lasted 00:04:11 (2470 turns).

xian the Chopper (Ogre Gladiator)                   Turns: 2470, Time: 00:04:11

Health: -1/45      AC:  3    Str: 20    XL:     4   Next: 68%
Magic:  4/4        EV: 10    Int:  9    God:
Gold:   814        SH:  0    Dex: 10    Spells: 3/3 levels left

rFire   + . .      SeeInvis .   a - +1 war axe
rCold   . . .      Faith    .   (no shield)
rNeg    . . .      Spirit   .   b - +0 robe
rPois   .          Reflect  .   c - +0 hat
rElec   .          Harm     .   (no cloak)
rCorr   .          Rampage  .   (gloves unavailable)
Will    .....                   (boots unavailable)
Stlth   +.........              (no amulet)
HPRegen 0.15/turn               t - ring of protection from fire
MPRegen 0.09/turn               (no ring)

@: lethally poisoned (-1 -> -4)
A: large, unfitting armour, tough skin 1
a: no special abilities


You were on level 3 of the Dungeon.
You visited 1 branch of the dungeon, and saw 3 of its levels.

You collected 814 gold pieces.

Inventory:

Hand Weapons
 a - a +1 war axe (weapon)
Missiles
 d - 3 throwing nets
 e - a large rock (quivered)
Armour
 b - a +0 robe (worn)
 c - a +0 hat (worn)
Jewellery
 t - a ring of protection from fire (left hand)
Scrolls
 l - a scroll of summoning {unknown}
 n - a scroll of identify {unknown}
 q - a scroll of vulnerability {unknown}
Potions
 f - a potion of heal wounds {unknown}
 g - a potion of magic {unknown}
 h - a potion of berserk rage {unknown}
 i - a potion of curing
 m - a potion of haste {unknown}
 o - a potion of lignification {unknown}
 p - a potion of brilliance {unknown}
 s - a potion of flight {unknown}


   Skills:
 + Level 3.5 Fighting
 + Level 4.0 Axes
 + Level 2.2 Throwing
 + Level 3.5 Dodging
 + Level 0.1 Stealth


You had 3 spell levels left.
You didn't know any spells.
Your spell library contained the following spells:

 Spells                   Type           Power      Damage    Failure   Level
 Call Canine Familiar     Summ           0%         N/A       77%         3
 Gell's Gravitas          Tloc           0%         N/A       77%         3
 Portal Projectile        Hex/Tloc       0%         N/A       77%         3
 Teleport Other           Tloc           0%         N/A       77%         3
 Leda's Liquefaction      Hex/Erth       0%         N/A       99%         4
 Dispersal                Tloc           0%         N/A       100%        6


Dungeon Overview and Level Annotations

Branches:
Dungeon (3/15)

Altars:


Innate Abilities, Weirdness & Mutations

You are too large for most types of armour.
You have tough skin. (AC +1)


Message History

2 orcs, a white imp and a hobgoblin come into view.
Found four items.
The white imp shouts!
You hear an angry hiss.
The orc shouts!
An adder comes into view.
An orc priest comes into view. It is wielding a +0 hand axe.
The orc shouts!
You see here a murky purple potion.
The orc priest invokes the aid of Beogh against you.
Beogh smites you!
You see here a murky purple potion.
f - a murky purple potion The hobgoblin hits you.
You hit the hobgoblin but do no damage. You hit the orc.
The hobgoblin hits you. The orc closely misses you.
The orc priest calls down the wrath of Beogh upon you.
Beogh smites you!
You slash the hobgoblin!
You kill the hobgoblin!
You miss the adder. You hit the orc.
You kill the orc!
The adder bites you. The adder bites you but does no damage.
The white imp gestures at you. The puff of frost hits you.
* * * LOW HITPOINT WARNING * * *
The orc priest mumbles some strange prayers to Beogh against you.
Beogh smites you!
* * * LOW HITPOINT WARNING * * *
It was a potion of curing.
You feel better. The adder barely misses you. The orc misses you.
The white imp misses you. The adder attacks as you move away!
The adder bites you.
* * * LOW HITPOINT WARNING * * *
You are poisoned.
The adder poisons you! The white imp attacks as you move away!
The white imp hits you but does no damage.
The orc attacks as you move away! The orc hits you with a +0 hand axe.
* * * LOW HITPOINT WARNING * * *
You feel sick.
The orc priest mumbles some strange prayers to Beogh against you.
Beogh smites you!
You die...

#. ####### #.
#.....## #.
#......##
#.##.......#
#####..#.......#
#..............#
#......@........
#......So†......
######.5).......
#..........^
#....o.......
#............
#............
##....".....#
#!.....#####


You could see an orc priest, an adder, a white imp and an orc.

Vanquished Creatures
  A gnoll (D:1)
  4 adders
  A worm (D:2)
  A dart slug (D:2)
  An orc (D:3)
  6 endoplasms
  2 giant cockroaches (D:1)
  3 goblins
  5 hobgoblins
  2 jackals (D:2)
  5 kobolds
  A quokka (D:1)
  3 ball pythons (D:1)
  2 bats
  2 frilled lizards (D:1)
  5 rats
44 creatures vanquished.

Notes
Turn   | Place    | Note
-------+----------+-------------------------------------------
     0 | D:1      | xian the Ogre Gladiator began the quest for the Orb.
     0 | D:1      | Reached XP level 1. HP: 22/22 MP: 1/1
   214 | D:1      | Reached XP level 2. HP: 13/31 MP: 2/2
   500 | D:1      | Reached XP level 3. HP: 37/37 MP: 3/3
  1645 | D:2      | Reached XP level 4. HP: 23/45 MP: 4/4
  2450 | D:3      | Reached skill level 4 in Axes
  2460 | D:3      | Identified a scroll of acquirement
  2460 | D:3      | Acquired 722 gold pieces
  2468 | D:3      | HP: 2/45 [orc priest/divine providence (11)]
  2470 | D:3      | Killed from afar by an orc priest

Illustrated notes

Levels and vault maps discovered:
D:1:      grunt_arrival_lava_bath, layout_basic, minmay_hedge_maze
D:2:      layout_basic, minmay_misc_feat_columns
D:3:      minmay_roachtagon, layout_rooms, gammafunk_temple_overflow_elements

Skill      XL: |  1  2  3  4 |
---------------+-------------+-----
Fighting       | 3 |  3.5
Dodging        | 3 |  3.5
Axes           | 4 |  4.0
Throwing       | |  2.2
Stealth        | |  0.1

Action                   |  1- 3 |  4- 6 || total
-------------------------+-------+-------++-------
Melee: War axe           |    80 |    28 ||   108
       Punch             |     1 |       ||     1
  Use: Scroll            |       |     4 ||     4
       Potion            |       |     1 ||     1
Armor: Robe              |    25 |    12 ||    37
Dodge: Dodged            |    54 |     9 ||    63
